Map: Washout LE

Players

Scotticus

  • Race: Terran Terran
  • League: Gold

Joshie - Winner!

  • Race: Zerg Zerg
  • League: Platinum

VOD

Have the link to the VOD?

Description

Time

  • Played on: Oct. 24, 2026, 7:30 p.m.
  • Length: 13:00
Show
View Real Time Build Order
Export as new Build Order

Scotticus Terran 

Build Orders:  

Get SALT Encoding   

  12  0:33  Supply Depot  
  12  0:38  Supply Depot  
  12  0:56  Barracks  
  12  1:04  SCV, Barracks  
  13  1:16  SCV  
  14  1:28  SCV  
  15  1:40  SCV  
  16  2:17  Barracks  
  16  2:21  Refinery  
  16  2:24  Marine  
  16  2:26  Bunker  
  17  2:34  Command Center  
  17  2:41  Refinery  
  17  2:42  Marine  
  18  2:46  Marine  
  19  3:00  Marine, SCV  
  19  3:04  Marine  
  21  3:10  Marine  
  22  3:18  Marine  
  23  3:30  Engineering Bay  
  23  3:46  Marine x3  
  26  4:03  Marine  
  27  4:15  Planetary Fortress  
  27  4:32  Marine  
  27  4:33  Marine  
  29  4:50  Marine x2  
  31  4:55  SCV  
  31  4:59  Planetary Fortress  
  32  5:07  SCV  
  32  5:08  Marine x2  
  35  5:16  Missile Turret  
  35  5:19  SCV  
  36  5:42  SCV  
  37  5:54  SCV, Missile Turret  
  38  6:05  Bunker  
  38  6:32  SCV  
  27  6:44  SCV  
  28  6:48  Command Center  
  27  6:57  SCV  
  28  7:01  Marine  
  29  7:09  SCV  
  30  7:15  Factory  
  30  7:19  Marine  
  30  7:21  SCV  
  32  7:28  Command Center  
  33  7:37  Marine  
  26  8:11  Terran Infantry Weapons Level 1  
  26  8:15  Command Center  
  26  8:29  Starport  
  26  8:39  Marine, SCV  
  28  8:51  SCV  
  28  8:55  Widow Mine  
  31  8:57  Marine  
  31  9:02  Sensor Tower  
  32  9:03  SCV  
  33  9:14  Liberator  
  33  9:16  SCV  
  37  9:28  SCV  
  37  10:13  Factory Tech Lab  
  37  10:33  Starport  
  37  10:57  Siege Tank  
  40  11:15  Liberator  
  43  11:27  Liberator  
  43  11:57  Siege Tank  
  43  11:58  Liberator  
Show
View Real Time Build Order
Export as new Build Order

Joshie Zerg - Winner!

Build Orders: Hatch First 

Get SALT Encoding   

  12  0:00  Drone  
  13  0:12  Overlord  
  13  0:18  Drone  
  14  0:30  Drone x2  
  14  0:34  Drone  
  17  0:52  Drone  
  18  0:57  Drone  
  18  1:04  Hatchery  
  18  1:08  Extractor  
  17  1:21  Spawning Pool  
  17  1:25  Drone x2  
  18  1:36  Drone  
  19  1:44  Overlord  
  19  1:55  Drone  
  20  2:15  Zergling x4  
  22  2:16  Queen x2  
  22  2:18  Drone  
  27  2:35  Metabolic Boost  
  27  2:36  Drone x3  
  30  2:37  Drone  
  31  2:44  Overlord  
  31  3:11  Hatchery  
  30  3:15  Overlord  
  30  3:17  Queen  
  30  3:18  Drone x5  
  37  3:29  Zergling x2  
  37  3:32  Zergling x2  
  39  3:37  Spine Crawler  
  39  3:39  Zergling x2  
  39  3:40  Spine Crawler, Zergling x6  
  41  3:48  Zergling x2  
  41  3:49  Zergling x6  
  45  4:00  Queen  
  45  4:02  Queen  
  49  4:04  Zergling x2  
  49  4:07  Overlord  
  50  4:12  Overlord  
  50  4:16  Zergling x4  
  52  4:31  Zergling x12  
  53  4:37  Drone  
  53  4:38  Drone x3  
  62  4:39  Drone  
  63  4:52  Queen x2  
  67  5:03  Overlord x3  
  67  5:24  Drone  
  67  5:25  Drone x6, Queen  
  76  6:11  Zergling x4  
  76  6:12  Zergling x24  
  76  6:14  Overlord x2  
  83  6:26  Zergling x2  
  83  6:27  Zergling x4  
  81  6:53  Drone  
  81  6:54  Drone x7, Queen  
  89  6:59  Drone x4  
  89  7:00  Drone  
  96  7:10  Drone  
  96  7:13  Drone  
  96  7:14  Extractor  
  97  7:17  Baneling Nest  
  97  7:19  Drone x2  
  97  7:20  Drone, Overlord x3  
  97  7:21  Overlord x3  
  87  7:39  Zergling x8  
  87  7:43  Zergling x4  
  90  8:06  Overlord x2  
  90  8:07  Zergling x6  
  90  8:08  Zergling x10  
  98  8:24  Drone  
  98  8:25  Drone  
  100  8:28  Lair  
  100  8:30  Hatchery x2  
  100  8:31  Overlord, Queen  
  100  8:37  Hatchery  
  99  8:44  Hatchery, Zergling x8  
  99  8:45  Zergling x10  
  107  8:57  Drone x3, Extractor  
  109  9:07  Drone x2  
  109  9:08  Drone  
  112  9:14  Overlord x2  
  112  9:30  Drone x2  
  114  9:37  Evolution Chamber  
  106  9:39  Evolution Chamber  
  106  9:45  Zergling x6  
  106  9:46  Zergling x26  
  121  10:12  Zergling x14  
  121  10:13  Zergling x22  
  139  10:22  Zerg Melee Weapons Level 1, Zerg Missile Weapons Level 1  
  139  10:23  Centrifugal Hooks  
  139  10:40  Infestation Pit  
  138  10:42  Hydralisk Den  
  137  11:04  Zergling x36  
  138  11:05  Zergling x30  
  168  11:20  Spore Crawler  
  168  11:25  Spore Crawler  
  166  11:28  Spore Crawler  
  166  11:30  Spore Crawler, Queen  
  166  11:31  Queen  
  169  11:32  Drone  
  169  11:33  Drone  
  169  11:34  Drone  
  169  11:35  Drone x8  
  179  11:46  Baneling x17  
  179  11:47  Baneling x22  
  179  11:48  Baneling x7  
  179  11:51  Queen  
  179  11:53  Drone x3  
  184  11:55  Drone  
  138  12:21  Zergling x8  
  138  12:22  Zergling x52  
  153  12:23  Zergling x2  
  150  12:31  Zergling x2  
Tags
 
Add a new tag
Caveats
  • Supply blocks, unpowered buildings, or Contaminate may cause inaccurate times.
  • Supply counts are checked every 10 seconds.